 Dungeon Crawl Stone Soup version 0.28.0-47-ge53b351184 (webtiles) character file.

Game seed: 12899907122770180105

4 RatsInWalls the Firebug (level 1, 0/11 HPs)
             Began as a Vine Stalker Cinder Acolyte on May 8, 2022.
             Was a High Priest of Ignis.
             Slain by a hobgoblin (1 damage)
             ... on level 1 of the Dungeon.
             The game lasted 00:00:51 (190 turns).

RatsInWalls the Firebug (VSCA)                       Turns: 190, Time: 00:00:51

Health: 0/11       AC:  2    Str: 16    XL:     1   Next: 70%
Magic:  0/3        EV: 11    Int: 14    God:    Ignis [*****.]
Gold:   0          SH:  0    Dex:  9    Spells: 2/2 levels left

rFire   + . .      SeeInvis .   a - -1 mace (flame)
rCold   . . .      Faith    .   (no shield)
rNeg    . . .      Spirit   +   b - +0 robe
rPois   .          Reflect  .   (no helmet)
rElec   .          Harm     .   (no cloak)
rCorr   .          Rampage  .   (no gloves)
Will    .....                   (no boots)
Stlth   +.........              (no amulet)
HPRegen 0.03/turn               (no ring)
MPRegen 0.08/turn               (no ring)

@: no status effects
A: fangs 2, magic shield, antimagic bite, no potion heal 2
a: Renounce Religion, Fiery Armour, Foxfire Swarm, Rising Flame


You were on level 1 of the Dungeon.
You worshipped Ignis.
Ignis was extremely pleased with you.
You visited 1 branch of the dungeon, and saw 1 of its levels.

Inventory:

Hand Weapons
 a - a -1 mace of flaming (weapon)
Armour
 b - a +0 robe (worn)
 d - a +0 ring mail
Potions
 c - a potion of curing {unknown}


   Skills:
 + Level 2.7 Fighting
 + Level 2.7 Maces & Flails
 + Level 0.1 Armour
 + Level 0.4 Stealth
 - Level 1.1 Spellcasting
 - Level 3.0 Fire Magic


You had 2 spell levels left.
You didn't know any spells.
Your spell library contained the following spells:

 Spells                   Type           Power      Damage    Failure   Level
 Scorch                   Fire           18%        2d5       12%         2
 Beastly Appendage        Tmut           0%         N/A       26%         1
 Wereblood                Tmut           0%         N/A       36%         2
 Spider Form              Tmut/Pois      0%         N/A       61%         3


Dungeon Overview and Level Annotations

Branches:
Dungeon (1/15)

Altars:


Innate Abilities, Weirdness & Mutations

You have extremely sharp teeth.
When hurt, damage is shared between your health and your magic reserves.
Your bite disrupts and absorbs the magic of your enemies.
Potions cannot restore your health.


Message History

a +0 dagger; a goblin corpse
Found a faded altar of an unknown god.
You pick up a book of Changes and begin reading...
You add the spells Beastly Appendage, Wereblood and Spider Form to your library.
A ball python comes into view.
A ball python is nearby!
No reachable target in view!
A hobgoblin comes into view.
The hobgoblin shouts!
You hear a shout!
The ball python hisses angrily.
A hobgoblin comes into view.
You barely miss the hobgoblin. Your bite misses the hobgoblin.
The hobgoblin closely misses you. The hobgoblin hits you.
The ball python bites you but does no damage.
The ball python grabs you. The ball python constricts you.
You barely miss the hobgoblin. Your bite misses the hobgoblin.
The ball python bites you. The ball python constricts you.
The hobgoblin barely misses you.
You closely miss the hobgoblin. Your bite misses the hobgoblin.
The ball python completely misses you. The ball python constricts you.
The hobgoblin hits you. The ball python bites you.
* * * LOW HITPOINT WARNING * * *
The ball python constricts you.
You don't know any spells.
Okay, then.
You escape the ball python's grasp.
You completely miss the hobgoblin.
You bite the hobgoblin, but do no damage.
The ball python barely misses you. x2; The ball python bites you.
* * * LOW HITPOINT WARNING * * *
The ball python misses you.
The hobgoblin hits you but does no damage.
You hit the ball python. You burn the ball python.
You kill the ball python!
The hobgoblin hits you.
* * * LOW HITPOINT WARNING * * *
You sock the hobgoblin! You burn the hobgoblin.
You kill the hobgoblin!
The hobgoblin hits you.
You die...

....... #.. #.....# ##.[
#.....# .... #.....###
... #........S ..
#.≈.≈≈≈..≈ #. ####
#.≈≈...... ##.## ###..#
#†g≈≈≈≈≈≈≈ ##...####....#
#@≈≈≈≈≈≈≈≈ #..≈..#.....##
#..≈≈≈≈≈≈≈ ...≈....≈..8#
#.≈≈≈≈≈♣.≈ ..≈≈≈..≈...##
#≈.≈≈≈≈_.≈ ≈≈≈≈≈≈≈.....##
#≈.≈≈≈...≈ ≈≈...≈≈≈≈....#
#.≈≈≈≈≈≈≈≈
≈..<..≈≈≈≈≈..###..≈≈≈≈≈≈≈
≈≈...≈≈≈≈....#....≈≈≈≈≈≈≈
≈≈≈≈≈≈≈.....##...≈≈≈≈≈≈.≈


You could see a hobgoblin.

Vanquished Creatures
  2 ball pythons (D:1)
  A goblin (D:1)
  A hobgoblin (D:1)
  A quokka (D:1)
5 creatures vanquished.

Notes
Turn   | Place    | Note
-------+----------+-------------------------------------------
     0 | D:1      | RatsInWalls the Vine Stalker Cinder Acolyte began the quest
                  | for the Orb.
     0 | D:1      | Reached XP level 1. HP: 11/11 MP: 3/3
   165 | D:1      | Found a faded altar of an unknown god.
   190 | D:1      | Slain by a hobgoblin

Illustrated notes

Levels and vault maps discovered:
D:1:      eino_arrival_water_star, layout_basic,
          chequers_ecumenical_altar_island, serial_shops,
          nicolae_shop_overgrown_old_shop, shop_fountains, nicolae_shop_trees,
          minmay_misc_feat_five

Action                   || total
-------------------------++-------
Melee: Mace              ||    16
       Bite              ||     2
Armor: Robe              ||     3
Dodge: Dodged            ||    14
